| TOP OF THE 1ST |
|
Montreal Expos batting - Pitching for California Angels : LHP Nick Yarbrough
|
|
Pitching: RHP Joe Butler
|
|
|
Batting: RHB Robby Juarez
|
0-0: Called Strike 0-1: SINGLE (Line Drive, 7S, EV 85.0 MPH)
|
|
Batting: SHB Bran Stark
|
0-0: Ball Robby Juarez steals 2nd base 1-0: Swinging Strike 1-1: Ball 2-1: Ground out 6-3 (Groundball, 6, EV 108.1 MPH)
|
|
Batting: RHB Mike Salmon
|
0-0: Ball Robby Juarez steals 3rd base 1-0: Ground out 1-3 (Groundball, P, EV 73.1 MPH)
|
|
Batting: LHB Austin Ohmer
|
0-0: Ball 1-0: Ball 2-0: DOUBLE (Line Drive, 7LS, EV 100.6 MPH) Robby Juarez scores
|
|
Batting: RHB Steve French
|
0-0: Ball Austin Ohmer steals 3rd base 1-0: Ball 2-0: Foul Ball, location: 2F 2-1: Swinging Strike 2-2: Strikes out swinging
|
| Top of the 1st over - 1 run, 2 hits, 0 errors, 1 left on base; Montreal 1 - California 0 |
| BOTTOM OF THE 1ST |
|
California Angels batting - Pitching for Montreal Expos : RHP Steve Barrett
|
|
Pitching: RHP Steve Barrett
|
|
|
Batting: RHB Bjoern Waltersson
|
0-0: Fly out, F9 (Flyball, 9LM, EV 70.6 MPH)
|
|
Batting: LHB Micah Miller
|
0-0: Foul Ball, location: 2F 0-1: Ball 1-1: Ball 2-1: Called Strike 2-2: Ball 3-2: Base on Balls
|
|
Batting: RHB Preston Deakyne
|
0-0: Called Strike 0-1: Foul Ball, location: 2F 0-2: Strikes out swinging
|
|
Batting: RHB Dietmar Warmisch
|
0-0: Fly out, F9 (Flyball, 9D, EV 108.8 MPH)
|
| Bottom of the 1st over - 0 runs, 0 hits, 0 errors, 1 left on base; Montreal 1 - California 0 |
| TOP OF THE 2ND |
|
Montreal Expos batting - Pitching for California Angels : RHP Joe Butler
|
|
Batting: RHB Jeff Brower
|
0-0: Ball 1-0: SINGLE (Flyball, 89S, EV 91.2 MPH)
|
|
Batting: RHB Nick Sharp
|
0-0: Ball 1-0: Ball 2-0: Foul Ball, location: 2F 2-1: Swinging Strike 2-2: SINGLE (Line Drive, 8LS, EV 109.4 MPH) Jeff Brower to second
|
|
Batting: LHB Steve Anderson
|
0-0: Called Strike 0-1: Fly out, F8 (Flyball, 8LXD, EV 102.5 MPH) Runner from 2nd tags up, SAFE at 3rd, no throw by CF
|
|
Batting: LHB Davion Lewis
|
0-0: Ball 1-0: Ball 2-0: SINGLE (Groundball, 4MD, EV 100.0 MPH) Jeff Brower scores Nick Sharp to second Runner from 2nd tries for 3rd, SAFE, throw by CF made to third
|
|
Batting: RHB Robby Juarez
|
0-0: Ball 1-0: Ball 2-0: Grounds into double play, 6-4-3 (Groundball, 6, EV 99.4 MPH)
|
| Top of the 2nd over - 1 run, 3 hits, 0 errors, 1 left on base; Montreal 2 - California 0 |
| BOTTOM OF THE 2ND |
|
California Angels batting - Pitching for Montreal Expos : RHP Steve Barrett
|
|
Batting: RHB Alain Delhaye
|
0-0: Swinging Strike 0-1: Ball 1-1: Ball 2-1: Called Strike 2-2: Foul Ball, location: 2F 2-2: Foul Ball, location: 2F 2-2: SINGLE (Line Drive, 8LS, EV 86.9 MPH)
|
|
Batting: RHB Mike Harkins
|
0-0: Ball 1-0: Ball 2-0: Called Strike 2-1: Foul Ball, location: 2F 2-2: Foul Ball, location: 2F 2-2: Foul Ball, location: 2F 2-2: Foul Ball, location: 2F 2-2: Foul Ball, location: 2F 2-2: Ball 3-2: Base on Balls Alain Delhaye to second
|
|
Batting: RHB Jasper Burd
|
0-0: Called Strike 0-1: Ball 1-1: Ball 2-1: Called Strike 2-2: Strikes out swinging
|
|
Batting: RHB Luis Romero
|
0-0: Ball 1-0: Ball 2-0: Called Strike 2-1: Foul Ball, location: 2F 2-2: Ball 3-2: Strikes out swinging
|
|
Batting: RHB Casey Semenza
|
0-0: Swinging Strike 0-1: Called Strike 0-2: Ball 1-2: Ball 2-2: Foul Ball, location: 2F 2-2: Ball 3-2: Base on Balls Alain Delhaye to third Mike Harkins to second
|
|
Batting: RHB Bjoern Waltersson
|
0-0: Called Strike 0-1: Ball 1-1: Fly out, F9 (Flyball, 89M, EV 91.9 MPH)
|
| Bottom of the 2nd over - 0 runs, 1 hit, 0 errors, 3 left on base; Montreal 2 - California 0 |
| TOP OF THE 3RD |
|
Montreal Expos batting - Pitching for California Angels : RHP Joe Butler
|
|
Pitching: RHP Joe Beam
|
|
|
Batting: SHB Bran Stark
|
0-0: Ball 1-0: Ball 2-0: Foul Ball, location: 2F 2-1: Ball 3-1: DOUBLE (Line Drive, 78D, EV 106.9 MPH)
|
|
Batting: RHB Mike Salmon
|
0-0: Ball 1-0: Ball 2-0: Ball 3-0: Base on Balls
|
|
Batting: LHB Austin Ohmer
|
0-0: Foul Ball, location: 2F 0-1: Ball 1-1: Fly out, F9 (Line Drive, 89S, EV 88.1 MPH)
|
|
Batting: RHB Steve French
|
0-0: DOUBLE (Flyball, 8RXD, EV 98.8 MPH) Bran Stark scores Mike Salmon to third
|
|
Batting: RHB Jeff Brower
|
0-0: Ball 1-0: Swinging Strike 1-1: Foul Ball, location: 2F 1-2: Ground out U3 (Groundball, 3, EV 105.0 MPH)
|
|
Batting: RHB Nick Sharp
|
0-0: Ball 1-0: Ball 2-0: Called Strike 2-1: Swinging Strike 2-2: Strikes out looking
|
| Top of the 3rd over - 1 run, 2 hits, 0 errors, 2 left on base; Montreal 3 - California 0 |
| BOTTOM OF THE 3RD |
|
California Angels batting - Pitching for Montreal Expos : RHP Steve Barrett
|
|
Batting: LHB Micah Miller
|
0-0: Ground out 5-3 (Groundball, 56, EV 110.0 MPH)
|
|
Batting: RHB Preston Deakyne
|
0-0: Ball 1-0: Foul Ball, location: 2F 1-1: Foul Ball, location: 2F 1-2: Foul Ball, location: 2F 1-2: Fly out, F8 (Flyball, 8RD, EV 100.0 MPH)
|
|
Batting: RHB Dietmar Warmisch
|
0-0: Ball 1-0: Called Strike 1-1: Foul Ball, location: 2F 1-2: Strikes out looking
|
| Bottom of the 3rd over - 0 runs, 0 hits, 0 errors, 0 left on base; Montreal 3 - California 0 |
| TOP OF THE 4TH |
|
Montreal Expos batting - Pitching for California Angels : RHP Joe Beam
|
|
Batting: LHB Steve Anderson
|
0-0: Ball 1-0: Fly out, F7 (Flyball, 78M, EV 90.0 MPH)
|
|
Batting: LHB Davion Lewis
|
0-0: Ball 1-0: Ball 2-0: Called Strike 2-1: Ball 3-1: Foul Ball, location: 2F 3-2: Strikes out swinging
|
|
Batting: RHB Robby Juarez
|
0-0: Ball 1-0: Foul Ball, location: 2F 1-1: Ball 2-1: Fly out, F9 (Line Drive, 9, EV 100.6 MPH)
|
| Top of the 4th over - 0 runs, 0 hits, 0 errors, 0 left on base; Montreal 3 - California 0 |
| BOTTOM OF THE 4TH |
|
California Angels batting - Pitching for Montreal Expos : RHP Steve Barrett
|
|
Batting: RHB Alain Delhaye
|
0-0: Ball 1-0: Ball 2-0: Called Strike 2-1: Ground out 5-3 (Groundball, 56, EV 105.0 MPH)
|
|
Batting: RHB Mike Harkins
|
0-0: Fly out, F9 (Line Drive, 9S, EV 105.0 MPH)
|
|
Batting: RHB Jasper Burd
|
0-0: Called Strike 0-1: Swinging Strike 0-2: Foul Ball, location: 2F 0-2: Ball 1-2: Foul Ball, location: 2F 1-2: Ball 2-2: Foul Ball, location: 2F 2-2: Ball 3-2: Strikes out swinging
|
| Bottom of the 4th over - 0 runs, 0 hits, 0 errors, 0 left on base; Montreal 3 - California 0 |
| TOP OF THE 5TH |
|
Montreal Expos batting - Pitching for California Angels : RHP Joe Beam
|
|
Pitching: LHP Dan Poirier
|
|
|
Now at 1B: Oren Jones
|
|
|
Now at 2B: Mike Harkins
|
|
|
Now at 3B: Javier Trujillo
|
|
|
Now at SS: Andres Mendiola
|
|
|
Now in RF: Jack Bell
|
|
|
Batting: SHB Bran Stark
|
0-0: Called Strike 0-1: Called Strike 0-2: Ball 1-2: Foul Ball, location: 2F 1-2: Ground out 2-3 (Groundball, 2L, EV 68.1 MPH)
|
|
Batting: RHB Mike Salmon
|
0-0: Foul Ball, location: 2F 0-1: Foul Ball, location: 2F 0-2: Strikes out looking
|
|
Pinch Hitting: SHB Pete Barutha
|
0-0: Called Strike 0-1: Ball 1-1: Ball 2-1: Fly out, F8 (Flyball, 8LM, EV 78.8 MPH)
|
| Top of the 5th over - 0 runs, 0 hits, 0 errors, 0 left on base; Montreal 3 - California 0 |
| BOTTOM OF THE 5TH |
|
California Angels batting - Pitching for Montreal Expos : RHP Steve Barrett
|
|
Now in CF: Pete Barutha
|
|
|
Batting: RHB Luis Romero
|
0-0: Ball 1-0: Ball 2-0: Ball 3-0: Base on Balls
|
|
Pitching: RHP Joel Beggs
|
|
|
Batting: RHB Casey Semenza
|
0-0: Called Strike 0-1: Called Strike 0-2: Hit by Pitch Luis Romero to second
|
|
Pinch Hitting: RHB Danny Odom
|
0-0: Ball 1-0: Ball 2-0: Called Strike 2-1: Foul Ball, location: 2F 2-2: Grounds into double play, 6-4-3 (Groundball, 6, EV 105.6 MPH) Luis Romero to third
|
|
Batting: LHB Javier Trujillo
|
0-0: Ball 1-0: Swinging Strike 1-1: Foul Ball, location: 2F 1-2: Ball 2-2: Fly out, F8 (Flyball, 8RXD, EV 101.9 MPH)
|
| Bottom of the 5th over - 0 runs, 0 hits, 0 errors, 1 left on base; Montreal 3 - California 0 |
| TOP OF THE 6TH |
|
Montreal Expos batting - Pitching for California Angels : LHP Dan Poirier
|
|
Now in LF: Tsega Haida
|
|
|
Now in CF: Danny Odom
|
|
|
Pinch Hitting: RHB Danny Diaz
|
0-0: Called Strike 0-1: Called Strike 0-2: Strikes out swinging
|
|
Pinch Hitting: LHB Jimmy Buscemi
|
0-0: Ball 1-0: Called Strike 1-1: Swinging Strike 1-2: Strikes out swinging
|
|
Batting: RHB Nick Sharp
|
0-0: Ball 1-0: Called Strike 1-1: Swinging Strike 1-2: Ground out 3-1 (Groundball, 13, EV 88.8 MPH)
|
| Top of the 6th over - 0 runs, 0 hits, 0 errors, 0 left on base; Montreal 3 - California 0 |
| BOTTOM OF THE 6TH |
|
California Angels batting - Pitching for Montreal Expos : RHP Joel Beggs
|
|
Now at 1B: Jimmy Buscemi
|
|
|
Now at 2B: Danny Diaz
|
|
|
Batting: RHB Andres Mendiola
|
0-0: Called Strike 0-1: Ground out U3 (Groundball, 34, EV 78.8 MPH)
|
|
Batting: LHB Jack Bell
|
0-0: Ball 1-0: Foul Ball, location: 2F 1-1: Foul Ball, location: 2F 1-2: Ball 2-2: Strikes out swinging
|
|
Batting: RHB Justin Lauderdale
|
0-0: Fly out, F8 (Line Drive, 8LM, EV 103.1 MPH)
|
| Bottom of the 6th over - 0 runs, 0 hits, 0 errors, 0 left on base; Montreal 3 - California 0 |
| TOP OF THE 7TH |
|
Montreal Expos batting - Pitching for California Angels : LHP Dan Poirier
|
|
Pitching: RHP George Rosario
|
|
|
Pinch Hitting: RHB Paul Landes
|
0-0: Called Strike 0-1: Swinging Strike 0-2: Ball 1-2: SINGLE (Groundball, 56D, EV 95.6 MPH)
|
|
Pinch Hitting: RHB John Ham
|
0-0: Ball 1-0: Swinging Strike Paul Landes is caught stealing 2nd base 2-4 1-1: Ball 2-1: Ball 3-1: Called Strike 3-2: Base on Balls
|
|
Pinch Hitting: RHB Hugo Bautista
|
0-0: Ball 1-0: Ball 2-0: Called Strike 2-1: Foul Ball, location: 2F 2-2: Foul Ball, location: 2F 2-2: Strikes out swinging
|
|
Batting: SHB Bran Stark
|
0-0: Fielders Choice at 2nd, 6-4 (Groundball, 6, EV 108.8 MPH)
|
| Top of the 7th over - 0 runs, 1 hit, 0 errors, 1 left on base; Montreal 3 - California 0 |
| BOTTOM OF THE 7TH |
|
California Angels batting - Pitching for Montreal Expos : RHP Joel Beggs
|
|
Pitching: LHP Anass Rhammar
|
|
|
Now at 2B: EugĂȘnio Asceno
|
|
|
Now at 3B: Paul Landes
|
|
|
Now at SS: Danny Diaz
|
|
|
Now in LF: Hugo Bautista
|
|
|
Pinch Hitting: RHB Nick Dunn
|
0-0: Ball 1-0: Ball 2-0: Fly out, F8 (Flyball, 8LXD, EV 89.4 MPH)
|
|
Batting: RHB Oren Jones
|
0-0: Foul Ball, location: 2F 0-1: Fly out, F8 (Flyball, 8LD, EV 75.6 MPH)
|
|
Batting: RHB Luis Romero
|
0-0: Ground out 4-3 (Groundball, 4, EV 88.8 MPH)
|
| Bottom of the 7th over - 0 runs, 0 hits, 0 errors, 0 left on base; Montreal 3 - California 0 |
| TOP OF THE 8TH |
|
Montreal Expos batting - Pitching for California Angels : RHP George Rosario
|
|
Pitching: LHP Nigel Turner
|
|
|
Now at 2B: Nick Dunn
|
|
|
Batting: RHB Mike Salmon
|
0-0: Ball 1-0: Foul Ball, location: 2F 1-1: Foul Ball, location: 2F 1-2: Foul Ball, location: 2F 1-2: Ball 2-2: Foul Ball, location: 2F 2-2: Ball 3-2: Base on Balls
|
|
Batting: SHB Pete Barutha
|
0-0: Swinging Strike 0-1: Foul Ball, location: 2F 0-2: Foul Ball, location: 2F 0-2: Strikes out looking
|
|
Batting: RHB Danny Diaz
|
0-0: Swinging Strike 0-1: Swinging Strike 0-2: Ball 1-2: Strikes out swinging
|
|
Batting: LHB Jimmy Buscemi
|
0-0: Ball 1-0: Called Strike 1-1: Ball 2-1: Called Strike 2-2: Ball 3-2: Strikes out swinging
|
| Top of the 8th over - 0 runs, 0 hits, 0 errors, 1 left on base; Montreal 3 - California 0 |
| BOTTOM OF THE 8TH |
|
California Angels batting - Pitching for Montreal Expos : LHP Anass Rhammar
|
|
Pitching: RHP Eric Hudson
|
|
|
Batting: RHB Tsega Haida
|
0-0: Called Strike 0-1: Ball 1-1: Foul Ball, location: 2F 1-2: Ball 2-2: Ball 3-2: Base on Balls
|
|
Batting: RHB Danny Odom
|
0-0: Ball 1-0: Ball 2-0: Called Strike 2-1: Foul Ball, location: 2F 2-2: Foul Ball, location: 2F 2-2: Foul Ball, location: 2F 2-2: Strikes out swinging
|
|
Batting: LHB Javier Trujillo
|
0-0: Foul Ball, location: 2F 0-1: SINGLE (Flyball, 34D, EV 83.1 MPH) Tsega Haida to second
|
|
Batting: RHB Andres Mendiola
|
0-0: Called Strike 0-1: Fly out, F9 (Flyball, 9LM, EV 95.0 MPH) Runner from 2nd tags up, SAFE at 3rd, no throw by RF
|
|
Batting: LHB Jack Bell
|
0-0: Ball 1-0: Foul Ball, location: 2F 1-1: Called Strike 1-2: Ball 2-2: Ball 3-2: Strikes out swinging
|
| Bottom of the 8th over - 0 runs, 1 hit, 0 errors, 2 left on base; Montreal 3 - California 0 |
| TOP OF THE 9TH |
|
Montreal Expos batting - Pitching for California Angels : LHP Nigel Turner
|
|
Pitching: RHP Austin Maki
|
|
|
Batting: RHB Nick Sharp
|
0-0: Called Strike 0-1: Called Strike 0-2: Ball 1-2: Ground out 5-3 (Groundball, 5L, EV 101.2 MPH)
|
|
Batting: RHB Paul Landes
|
0-0: Ball 1-0: Called Strike 1-1: Foul Ball, location: 2F 1-2: Foul Ball, location: 2F 1-2: Ball 2-2: Ball 3-2: Strikes out swinging
|
|
Batting: RHB EugĂȘnio Asceno
|
0-0: Foul Ball, location: 2F 0-1: Foul Ball, location: 2F 0-2: Ball 1-2: Strikes out swinging
|
| Top of the 9th over - 0 runs, 0 hits, 0 errors, 0 left on base; Montreal 3 - California 0 |
| BOTTOM OF THE 9TH |
|
California Angels batting - Pitching for Montreal Expos : RHP Eric Hudson
|
|
Pitching: RHP Antonio Sanchez
|
|
|
Batting: RHB Justin Lauderdale
|
0-0: Ball 1-0: Ball 2-0: Ball 3-0: Base on Balls
|
|
Batting: RHB Nick Dunn
|
0-0: Called Strike 0-1: Ball 1-1: Foul Ball, location: 2F 1-2: Foul Ball, location: 2F 1-2: Ball 2-2: SINGLE (Line Drive, 89S, EV 113.1 MPH) Justin Lauderdale to second
|
|
Pinch Hitting: SHB Butch Brown
|
0-0: Ball 1-0: Ball 2-0: Ball 3-0: Called Strike 3-1: Base on Balls Justin Lauderdale to third Nick Dunn to second
|
|
Pinch Hitting: RHB Avery Maxwell
|
0-0: Ball 1-0: Ball 2-0: Ball 3-0: Base on Balls Justin Lauderdale scores Nick Dunn to third Butch Brown to second
|
|
Batting: RHB Tsega Haida
|
0-0: Ground out 5-3 (Groundball, 56S, EV 67.5 MPH) Nick Dunn scores Butch Brown to third Avery Maxwell to second
|
|
Pinch Hitting: RHB Jose Pineda
|
0-0: Ball 1-0: Called Strike 1-1: Ball 2-1: Fly out, F8 (Flyball, 8LM, EV 83.8 MPH)
|
|
Pinch Hitting: RHB Jeff Long
|
0-0: Ball 1-0: Fly out, F7 (Line Drive, 7LM, EV 96.9 MPH)
|
| Bottom of the 9th over - 2 runs, 1 hit, 0 errors, 2 left on base; Montreal 3 - California 2 |
|